AoeStats
← Yiisus

MegaRandom

508987423Analyzed
3v3 RM · 7d ago on Sep 25, 2026· 45m 13s· 6 players
Game mode
Random Map
Map size
Normal (6 player)
Population
200
Speed
Normal
Resources
Standard
Victory
Conquest
Starting age
Dark Age
Ending age
Imperial Age
RankedLock teamsTeams togetherTeam positionsShared explorationLock speedFull tech treeHidden civsTurbo modeCheats
Victory
Defeat
🇺🇸 Huns · United States
711
+12
🇺🇸 Britons · United States
686
+13
🇦🇷 Khmer · Argentina
654
+14
🇦🇷 Britons · Argentina
721
-16
🇦🇷 Italians · Argentina
687
-15
🇺🇸 Koreans · United States
462
-8
pochita156
0:42 Loom
14:05 Feudal Age
15:26 Wheelbarrow
14:42 Double-Bit Axe
15:31 Bloodlines
18:49 Castle Age
32:19 Horse Collar
33:36 Bow Saw
35:08 Heavy Plow
36:26 Hand Cart
37:00 Caravan
48:03 Imperial Age
45:37 Murder Holes
LaCroixBoi
0:32 Loom
11:12 Feudal Age
11:38 Horse Collar
14:14 Double-Bit Axe
18:20 Castle Age
16:20 Gold Mining
16:28 Stone Mining
17:43 Fletching
24:41 Bow Saw
27:10 Husbandry
29:47 Forging
31:37 Wheelbarrow
41:20 Imperial Age
40:11 Gold Shaft Mining
42:26 Conscription
42:21 Bloodlines
43:38 Iron Casting
42:59 Bodkin Arrow
43:26 Ballistics
43:58 Atheism
biondoanthony
0:37 Loom
2:48 Loom
11:51 Feudal Age
12:33 Double-Bit Axe
13:27 Man-at-Arms
18:08 Wheelbarrow
17:46 Fishing Lines
18:02 Arson
19:03 Horse Collar
19:35 Gold Mining
20:31 Stone Mining
24:35 Castle Age
26:59 Crossbowman
30:58 Yeomen
31:26 Heavy Plow
31:14 Gambesons
31:32 Long Swordsman
32:13 Squires
34:30 Pikeman
36:14 Gold Shaft Mining
36:44 Pikeman
37:55 Husbandry
39:06 Hand Cart
40:19 Ballistics
41:29 Padded Archer Armor
41:19 Fletching
41:42 Forging
41:33 Scale Mail Armor
41:18 Treadmill Crane
41:35 Murder Holes
Davi7422
0:39 Loom
12:18 Feudal Age
12:46 Town Watch
14:02 Double-Bit Axe
19:51 Horse Collar
23:52 Castle Age
23:55 Wheelbarrow
25:37 Stone Mining
28:43 Hand Cart
31:55 Husbandry
Yiisus
0:45 Loom
13:12 Feudal Age
15:55 Horse Collar
29:06 Castle Age
30:12 Wheelbarrow
30:56 Crossbowman
32:00 Padded Archer Armor
37:49 Hand Cart
37:57 Stone Mining
38:07 Fletching
38:32 Leather Archer Armor
elreyleproso
4:28 Loom
12:04 Feudal Age
17:01 Bloodlines
22:31 Castle Age
23:26 Horse Collar
24:28 Light Cavalry
36:15 Double-Bit Axe
38:49 Scale Barding Armor
39:09 Fletching
42:43 Imperial Age
Connection lost

Rejoining the realm…

Still unreachable

The connection could not be restored.

Session expired

The server has moved on; the page needs a fresh start.